Map: Newkirk Precinct TE (Void)

Players

Nintendude

  • Race: Zerg Zerg
  • Spawn Location: 7:00

RxSeven - Winner!

  • Race: Protoss Protoss
  • Spawn Location: 5:00

VOD

Have the link to the VOD?

Description

Time

  • Played on: Feb. 1, 2017, 12:14 a.m.
  • Length: 15:24
Show
View Real Time Build Order
Export as new Build Order

Nintendude Zerg 

Build Orders: Pool First 

Get SALT Encoding   

  12  0:22  Spawning Pool  
  12  0:23  Drone  
  12  0:45  Drone x2  
  14  0:55  Overlord  
  14  1:13  Queen  
  14  1:17  Zergling x4  
  18  1:27  Zergling x2  
  19  1:57  Overlord  
  19  1:58  Overlord  
  19  2:00  Zergling x2  
  20  2:10  Extractor  
  16  2:49  Zergling x10  
  21  2:53  Queen  
  23  3:04  Drone  
  24  3:13  Zergling x2  
  25  3:20  Hatchery  
  18  4:18  Drone x3  
  18  4:19  Drone  
  18  4:22  Lair  
  22  4:35  Queen  
  22  4:37  Drone  
  25  5:02  Drone x2  
  25  5:06  Zergling x12  
  25  5:07  Zergling x4  
  35  5:42  Metabolic Boost  
  35  5:57  Spire  
  34  6:00  Drone  
  34  6:01  Drone x2, Extractor  
  36  6:04  Drone x2  
  36  6:05  Drone x3  
  32  6:34  Extractor  
  32  6:35  Extractor  
  32  6:36  Drone  
  32  6:37  Drone x3  
  34  6:44  Zergling x4  
  36  6:47  Overlord x3  
  36  6:48  Overlord  
  36  7:23  Mutalisk  
  36  7:24  Mutalisk x2  
  36  7:27  Mutalisk  
  44  7:41  Drone  
  44  7:42  Drone x2  
  47  7:46  Zerg Flyer Weapons Level 1  
  47  7:50  Mutalisk  
  49  7:52  Zergling x8  
  53  8:23  Mutalisk x4  
  61  8:42  Evolution Chamber  
  60  9:59  Hydralisk Den  
  59  10:08  Zerg Missile Weapons Level 1  
  59  10:20  Infestation Pit  
  50  11:37  Mutalisk  
  50  11:38  Mutalisk x2, Hydralisk  
  50  11:39  Hydralisk x5  
  64  11:44  Overlord x5  
  64  11:45  Overlord  
  64  11:46  Overlord  
  66  11:57  Overseer  
  49  13:29  Mutalisk x5  
  49  13:33  Hydralisk x17  
  49  13:34  Hydralisk x2  
  97  13:49  Drone x4  
  44  14:51  Hydralisk x3  
Show
View Real Time Build Order
Export as new Build Order

RxSeven Protoss - Winner!

Build Orders: 1 Gate Expand 

Get SALT Encoding   

  12  0:01  Probe (Chrono Boost)  
  13  0:12  Probe (Chrono Boost)  
  14  0:20  Pylon  
  14  0:22  Probe (Chrono Boost)  
  15  0:38  Probe (Chrono Boost)  
  15  0:41  Gateway  
  16  0:44  Assimilator  
  16  0:49  Probe (Chrono Boost)  
  17  0:59  Probe (Chrono Boost)  
  18  1:10  Probe (Chrono Boost)  
  19  1:25  Nexus  
  19  1:28  Probe (Chrono Boost)  
  20  1:40  Cybernetics Core  
  20  1:41  Probe (Chrono Boost)  
  20  1:46  Assimilator  
  21  1:58  Pylon, Probe (Chrono Boost)  
  22  2:09  Probe (Chrono Boost)  
  23  2:19  Probe (Chrono Boost)  
  23  2:39  Warp Gate  
  22  2:48  Probe (Chrono Boost)  
  23  2:52  Adept  
  25  3:02  Mothership Core (Chrono Boost)  
  27  3:07  Probe (Chrono Boost)  
  28  3:17  Probe (Chrono Boost)  
  28  3:19  Adept  
  31  3:22  Probe (Chrono Boost)  
  32  3:28  Probe (Chrono Boost)  
  34  3:34  Probe (Chrono Boost)  
  34  3:36  Gateway  
  34  3:38  Gateway, Probe (Chrono Boost)  
  35  3:46  Probe (Chrono Boost)  
  34  4:24  Probe (Chrono Boost)  
  34  4:26  Probe (Chrono Boost)  
  34  4:30  Zealot x2  
  39  4:36  Probe x2 (Chrono Boost)  
  41  4:44  Assimilator  
  41  4:45  Assimilator  
  41  4:47  Probe (Chrono Boost)  
  41  4:49  Probe (Chrono Boost)  
  41  4:52  Zealot  
  45  4:58  Probe (Chrono Boost)  
  46  5:04  Twilight Council, Robotics Facility  
  46  5:07  Pylon  
  46  5:10  Pylon  
  46  5:13  Pylon  
  46  5:25  Probe (Chrono Boost), Stalker x3  
  46  5:27  Probe (Chrono Boost)  
  54  5:35  Pylon  
  54  5:37  Pylon  
  54  5:39  Probe (Chrono Boost)  
  54  5:41  Blink  
  55  5:42  Forge  
  55  5:44  Forge  
  55  5:51  Observer  
  55  5:53  Probe (Chrono Boost)  
  57  6:04  Probe (Chrono Boost)  
  58  6:12  Warp Prism  
  58  6:14  Probe (Chrono Boost)  
  58  6:15  Protoss Ground Weapons Level 1  
  58  6:16  Protoss Ground Armor Level 1  
  61  6:40  Gateway  
  61  6:41  Gateway  
  61  6:43  Gateway  
  61  6:44  Gateway  
  61  6:48  Observer  
  62  6:59  Stalker x3  
  68  7:05  Probe (Chrono Boost)  
  69  7:17  Probe (Chrono Boost)  
  69  7:20  Dark Shrine  
  70  7:29  Probe (Chrono Boost)  
  71  7:36  Sentry x3  
  77  7:41  Probe (Chrono Boost)  
  78  7:54  Protoss Ground Armor Level 2, Protoss Ground Weapons Level 2  
  78  7:57  Stalker x2  
  78  7:58  Stalker x2  
  86  8:00  Pylon  
  86  8:01  Pylon  
  86  8:03  Pylon  
  86  8:18  Immortal  
  90  8:35  Nexus  
  79  8:57  Immortal  
  82  9:11  Probe (Chrono Boost)  
  82  9:23  Probe (Chrono Boost)  
  83  9:27  Stalker x2  
  83  9:28  Stalker x4  
  83  9:29  Stalker  
  97  9:35  Probe (Chrono Boost)  
  97  9:36  Immortal  
  102  9:54  Dark Templar x5  
  102  9:55  Dark Templar x2  
  116  10:34  Protoss Ground Weapons Level 3  
  116  10:36  Protoss Ground Armor Level 3  
  116  10:38  Probe (Chrono Boost)  
  116  10:39  Probe x2 (Chrono Boost)  
  119  10:43  Stalker x3  
  125  11:09  Photon Cannon  
  124  11:12  Photon Cannon  
  124  11:16  Photon Cannon  
  124  11:18  Photon Cannon  
  117  12:42  Pylon  
  117  12:44  Pylon  
  117  12:45  Pylon x2  
  117  12:47  Pylon  
  117  12:49  Pylon  
  110  13:37  Stalker  
  110  13:38  Stalker x2  
  110  13:39  Stalker x3  
  110  14:42  Stalker  
  110  14:43  Stalker x5  
Tags
 
Add a new tag
Caveats
  • Supply blocks, unpowered buildings, or Contaminate may cause inaccurate times.
  • Supply counts are checked every 10 seconds.